 Dungeon Crawl Stone Soup version 0.17.0-27-g4a3f43e (webtiles) character file.

7455 septik the Protected (level 11, -3/69 HPs)
             Began as a Gargoyle Fighter on Nov 21, 2015.
             Was a Follower of Okawaru.
             Killed by nerve-wracking pain
             ... invoked by an orc priest
              (6 damage)
             ... on level 10 of the Dungeon.
             The game lasted 00:21:49 (9920 turns).

septik the Protected (Gargoyle Fighter)             Turns: 9920, Time: 00:21:49

Health: -3/69      AC: 31    Str: 24    XL:     11   Next: 15%
Magic:  11/11      EV:  6    Int:  8    God:    Okawaru [*.....]
Gold:   48         SH:  9    Dex:  9    Spells: 0 memorised, 10 levels left

rFire  . . .     SeeInvis .     B - +1 whip (vamp)
rCold  . . .     Clarity  .     R - +0 plate armour
rNeg   + . .     SustAt   .     c - +0 shield
rPois  ∞         Gourm    .     T - +2 helmet
rElec  +         Spirit   .     G - +1 cloak
rCorr  +         Warding  .     Q - +0 pair of gloves
rMut   .         Stasis   .     r - +1 pair of boots
MR     .....                    E - amulet of resist corrosion
Stlth  ..........               (no ring)
                                q - ring of flight

@: not resistant to hostile enchantments, extremely unstealthy
A: negative energy resistance 1, electricity resistance, unbreathing,
petrification resistance, rot immunity, AC +7
a: Heroism, Renounce Religion, Evoke Flight


You were on level 10 of the Dungeon.
You worshipped Okawaru.
Okawaru was aware of your devotion.
You were not hungry.

You visited 2 branches of the dungeon, and saw 11 of its levels.
You also visited: Sewer.

You collected 348 gold pieces.
You spent 300 gold pieces at shops.

Inventory:

Hand Weapons
 a - a +0 flail
 y - a +3 war axe
 B - a +1 vampiric whip (weapon)
 V - the +7 hand axe "Qegoy" {chop, MR++ Str-4 Dex+5}
   (You found it on level 7 of the Dungeon)

   It inflicts extra damage upon your enemies.
   It affects your strength (-4).
   It affects your dexterity (+5).
   It affects your resistance to hostile enchantments.
Missiles
 i - 162 stones (quivered)
Armour
 c - a +0 shield (worn)
 r - a +1 pair of boots (worn)
 G - a +1 cloak (worn)
 Q - a +0 pair of gloves (worn)
 R - a +0 plate armour (worn)
 T - a +2 helmet (worn)
Magical Staves
 L - an uncursed staff of power
Jewellery
 n - an uncursed amulet of warding
 q - a ring of flight (left hand)
 z - an uncursed amulet of rage
 A - an uncursed ring of magical power {unknown}
 E - an amulet of resist corrosion (around neck)
 I - an uncursed ring of fire
Wands
 s - a wand of teleportation (9)
 J - a wand of polymorph (11)
 K - a wand of fireball (5)
 X - a wand of draining (8)
 Z - a wand of paralysis (15)
Scrolls
 b - a scroll of remove curse
 f - 4 scrolls of teleportation
 g - 2 scrolls of amnesia
 h - 3 scrolls of fear
 p - a scroll of enchant weapon {unknown}
 t - a scroll of blinking
 v - 2 scrolls of identify
 C - a scroll of vulnerability {unknown}
 U - a scroll of immolation
Potions
 j - 7 potions of heal wounds
 k - 2 potions of curing
 m - 11 potions of flight
 o - a potion of lignification
 u - 3 potions of cancellation
 F - a potion of magic {unknown}
 H - 3 potions of poison {unknown}
 N - a potion of haste {unknown}
 P - 2 potions of agility {unknown}
 W - a potion of degeneration {unknown}
 Y - 2 potions of mutation {unknown}
Books
 w - a book of Spatial Translocations

   Spells                             Type                      Level
   a - Apportation                    Translocation                1
   b - Blink                          Translocation                2
   c - Shroud of Golubria             Charms/Translocation         2
   d - Portal Projectile              Translocation                3
   e - Teleport Other                 Translocation                3
   f - Passage of Golubria            Translocation                4
Comestibles
 d - 3 chunks of flesh
 e - 3 bread rations
 l - 2 slices of pizza
 x - 5 fruits
 D - 2 beef jerkies
 M - 3 meat rations
 O - 10 royal jellies


   Skills:
 + Level 8.9 Fighting
 - Level 8.3(9.0) Axes
 * Level 5.7(8.2) Maces & Flails
 + Level 9.0 Armour
 + Level 6.3 Dodging
 - Level 3.2 Shields


You had 10 spell levels left.
You didn't know any spells.

Dungeon Overview and Level Annotations

Branches:
Dungeon (10/15)            Temple (1/1) D:7
   Lair: D:8-11         Orc: D:9-12

Altars:
Ashenzari
Cheibriados
Dithmenos
Elyvilon
Fedhas
Gozag
Kikubaaqudgha
Makhleb
Nemelex Xobeh
Okawaru
Qazlal
Ru
Sif Muna
Trog
Vehumet
Xom
Yredelemnul
Zin
The Shining One

Shops:
D:5 [   D:9 **

Annotations:
D:10 Maurice


Innate Abilities, Weirdness & Mutations

You are resistant to torment.
Your stone body is resilient (AC +7).
You are immune to poison.
You resist negative energy.
You are resistant to electric shocks.
You can survive without breathing.
You are immune to petrification.
You are immune to rotting.


Message History

The orc priest mumbles some strange prayers to Beogh against you.
Something smites you!
* * * LOW HITPOINT WARNING * * *
The orc priest completely misses you.
The orc priest invokes the aid of Beogh against you.
Something smites you!
* * * LOW HITPOINT WARNING * * *
You closely miss the orc priest.
The orc priest is almost dead.
The orc priest invokes the aid of Beogh against you.
Pain shoots through your body!
* * * LOW HITPOINT WARNING * * *
You hit the orc priest.
You feel better.
You kill the orc priest!
Okawaru accepts your kill.
You hit the orc priest.
The orc priest is lightly wounded.
The orc priest mumbles some strange prayers to Beogh against you.
Pain shoots through your body!
You die...

... #....##'### #..
###.......... #..
#............
#..######............
#.....>..............
####....##########......
......|.# #......
......).# #......
#######@# #...... #o#
#...... #o# ####......
#.. .........## #...
.........# #....
########## .....# .....#
.....#


You could see 2 orc priests.

Vanquished Creatures
  Snorg (D:10)
  A hydra (D:10)
  Joseph (D:8)
  The ghost of septik the Digger, a novice GrEE of Vehumet (D:6)
  A troll (D:9)
  Prince Ribbit (D:8)
  Eustachio (D:5)
  2 hippogriffs (D:8)
  A hungry ghost (D:8)
  A steam dragon (D:7)
  3 black bears
  3 orc warriors
  3 ice beasts
  3 ogres
  A necrophage (D:6)
  4 centaurs
  2 big kobolds (Sewer)
  8 giant frogs
  A wyvern zombie (D:9)
  A water moccasin zombie (D:8)
  A wyvern skeleton (D:6)
  A scorpion (D:4)
  5 wights (D:3)
  A water moccasin skeleton (D:8)
  A vampire bat (D:6)
  2 quasits
  A centaur zombie (D:5)
  4 crimson imps
  A giant frog skeleton (D:6)
  3 jellies (D:8)
  Crazy Yiuf (D:3)
  10 orc priests
  4 hounds
  4 worker ants
  Natasha (thrice) (D:2)
  2 iguanas (D:8)
  7 orc wizards
  A hound zombie (D:8)
  A hound skeleton (D:6)
  7 gnolls
  15 adders
  4 river rats
  2 shadow imps
  8 oozes
  An adder zombie (D:8)
  5 worms
  11 giant geckos
  22 orcs
  11 bats
  2 bat skeletons (D:6)
  3 bat zombies (D:6)
  7 giant cockroaches
  9 goblins
  11 hobgoblins
  3 quokkas
  3 ball pythons
  A ball python skeleton (D:4)
  A giant gecko skeleton (D:4)
  7 giant newts
  10 jackals
  13 kobolds
  14 rats
263 creatures vanquished.

Notes
Turn   | Place    | Note
--------------------------------------------------------------
     0 | D:1      | septik the Gargoyle Fighter began the quest for the Orb.
     0 | D:1      | Reached XP level 1. HP: 14/14 MP: 1/1
   149 | D:1      | Reached XP level 2. HP: 19/19 MP: 2/2
   500 | D:1      | Reached XP level 3. HP: 23/23 MP: 3/3
   932 | D:2      | Reached skill level 1 in Dodging
  1063 | D:2      | Noticed Natasha
  1070 | D:2      | Killed Natasha
  1070 | D:2      | Reached XP level 4. HP: 15/29 MP: 4/4
  1187 | D:2      | Noticed Natasha
  1190 | D:2      | Killed Natasha
  1190 | D:2      | Reached skill level 4 in Armour
  1470 | D:2      | Found a bloodstained altar of Trog.
  1700 | D:2      | Noticed Natasha
  1713 | D:2      | Killed Natasha
  1933 | D:2      | Reached XP level 5. HP: 33/33 MP: 5/5
  2150 | D:2      | Found a bloodstained altar of Trog.
  2317 | D:3      | Found a shimmering altar of Xom.
  2612 | D:3      | Reached XP level 6. HP: 36/39 MP: 6/6
  2615 | D:3      | Found a sparkling altar of Nemelex Xobeh.
  2775 | D:3      | Found a faded altar to an unknown god.
  2897 | D:3      | Reached skill level 1 in Axes
  3013 | D:3      | Noticed Crazy Yiuf
  3024 | D:3      | Killed Crazy Yiuf
  3254 | D:4      | Found a glowing drain.
  3257 | D:4      | Reached XP level 7. HP: 41/44 MP: 7/7
  3261 | Sewer    | Entered a sewer
  3399 | Sewer    | Reached skill level 5 in Armour
  3446 | Sewer    | Reached skill level 5 in Fighting
  3873 | D:4      | Found a burning altar of Makhleb.
  3878 | D:4      | Found a glowing silver altar of Zin.
  3878 | D:4      | Noticed an angel
  3879 | D:4      | Noticed a cacodemon
  4398 | D:5      | Entered Level 5 of the Dungeon
  4446 | D:5      | Reached XP level 8. HP: 22/50 MP: 8/8
  5024 | D:5      | Found Muzxutei's Antique Armour Boutique.
  5095 | D:5      | Found a glowing golden altar of the Shining One.
  5237 | D:5      | Found a sparkling altar of Nemelex Xobeh.
  5242 | D:5      | Noticed Eustachio
  5302 | D:5      | Killed Eustachio
  5302 | D:5      | Reached skill level 6 in Armour
  5561 | D:6      | Reached skill level 5 in Axes
  5606 | D:6      | Noticed septik's ghost (novice GrEE)
  5629 | D:6      | Killed septik's ghost
  5629 | D:6      | Reached XP level 9. HP: 39/56 MP: 9/9
  5845 | D:6      | Reached skill level 7 in Armour
  6032 | D:6      | Found an ancient bone altar of Kikubaaqudgha.
  6465 | D:7      | Found a shattered altar of Ashenzari.
  6466 | D:7      | Got a jewelled hand axe
  6467 | D:7      | Identified the +7 hand axe "Qegoy" {chop, MR++ Str-4 Dex+5} (You found it on level 7 of the Dungeon)
  6531 | D:8      | Reached skill level 5 in Dodging
  6764 | D:7      | Reached XP level 10. HP: 57/63 MP: 10/10
  6863 | D:7      | Found a staircase to the Ecumenical Temple.
  6872 | Temple   | Entered the Ecumenical Temple
  7368 | D:8      | Noticed Prince Ribbit
  7718 | D:8      | Killed Prince Ribbit
  7718 | D:8      | Reached skill level 8 in Armour
  8227 | D:8      | Noticed Joseph
  8273 | D:8      | Killed Joseph
  8696 | D:9      | Found a shadowy altar of Dithmenos.
  8716 | D:9      | Found Cown's Assorted Antiques.
  8803 | D:9      | Found Haerud Zoddu's Hallowed Reliquary.
  8803 | D:9      | Found a white marble altar of Elyvilon.
  8807 | D:9      | Noticed an angel
  8810 | D:9      | Bought a potion of heal wounds for 75 gold pieces
  8810 | D:9      | Bought a potion of heal wounds for 75 gold pieces
  8810 | D:9      | Bought 2 potions of heal wounds for 150 gold pieces
  9249 | D:9      | Found a white marble altar of Elyvilon.
  9377 | D:9      | Found an iron altar of Okawaru.
  9418 | D:9      | Became a worshipper of Warmaster Okawaru
  9452 | D:10     | Entered Level 10 of the Dungeon
  9452 | D:10     | Noticed Maurice
  9504 | D:10     | Noticed a six-headed hydra
  9713 | D:10     | Killed a six-headed hydra
  9713 | D:10     | Reached * piety under Okawaru
  9744 | D:10     | Found a sparkling altar of Nemelex Xobeh.
  9767 | D:10     | Noticed Snorg
  9808 | D:10     | Reached skill level 5 in Maces & Flails
  9808 | D:10     | Reached XP level 11. HP: 44/69 MP: 11/11
  9830 | D:10     | Killed Snorg
  9878 | D:10     | Reached skill level 9 in Armour
  9918 | D:10     | HP: 2/69 [orc priest/nerve-wracking pain (3)]
  9920 | D:10     | Killed from afar by an orc priest

Action                   |  1- 3 |  4- 6 |  7- 9 | 10-12 || total
-------------------------+-------+-------+-------+-------++-------
Melee: Flail             |   125 |   119 |       |       ||   244
       War axe           |       |    83 |   434 |   251 ||   768
       Hand axe          |       |       |    12 |       ||    12
       Whip              |       |       |       |   261 ||   261
  Use: Scroll            |       |    11 |       |    12 ||    23
       Potion            |       |       |     1 |     2 ||     3
  Eat: Chunk             |     1 |     7 |    13 |    11 ||    32
       Bread ration      |       |       |       |     3 ||     3
